 Dungeon Crawl Stone Soup version 0.28-a0-863-g8cecda6153 (webtiles) character file.

Game seed: 11269319684620979917

842136 Ijustatesigmund the Slayer (level 27, -16/282 HPs)
             Began as a Gargoyle Fighter on Nov 17, 2021.
             Was an Elder of Cheibriados.
             Demolished by an Orb Guardian (18 damage)
             ... on level 5 of the Realm of Zot on Nov 18, 2021.
             The game lasted 05:27:31 (85418 turns).

Ijustatesigmund the Slayer (Gargoyle Fighter)      Turns: 85418, Time: 05:27:33

Health: -16/282    AC: 53    Str: 46    XL:     27
Magic:  1/37       EV: 22    Int: 30    God:    Cheibriados [****..]
Gold:   1841       SH: 12    Dex: 24    Spells: 10/38 levels left

rFire   + + .      SeeInvis .   a - +9 eveningstar (vamp)
rCold   x . .      Faith    .   c - +3 warlock's mirror {reflect}
rNeg    + + .      Spirit   .   p - +8 fire dragon scales {Xtahua}
rPois   ∞          Reflect  +   K - +2 hood of the Assassin {Detection Stab+ Stlth++}
rElec   +          Harm     .   g - +2 cloak
rCorr   .          Rampage  .   d - +3 pair of gauntlets of War {Slay+5}
Will    +++++      Clarity  +   z - +2 pair of boots
Stlth   .......... Rnd*Tele +   X - amulet of the Four Winds {rN+ Will+++ Clar}
HPRegen 0.00/turn               E - ring of Fesk {rF+ Str+5 Int+3}
MPRegen 0.25/turn               i - ring "Xyirolir" {rF- Str+6 Slay+6}

@: berserking, flying, contaminated, inhibited regen, glowing, studying 5
skills, unable to read, very slow
A: sickness immunity, AC +20, big wings, negative energy resistance 1,
electricity resistance, torment resistance 1, petrification resistance, thin
skeletal structure 1, agile 1, berserk 1, deformed body, inhibited regeneration,
strong 2, teleportitis 2, no potion heal 1, subdued magic 2, inability to read
while threatened, MP-powered wands
}: 6/15 runes: decaying, slimy, silver, abyssal, glowing, gossamer
a: Renounce Religion, Bend Time, Temporal Distortion, Slouch


You were on level 5 of the Realm of Zot.
You worshipped Cheibriados.
Cheibriados was greatly pleased with you.
You visited 13 branches of the dungeon, and saw 58 of its levels.
You visited Pandemonium 1 time, and saw 4 of its levels.
You visited the Abyss 4 times.
You visited 1 ziggurat, and saw 9 of its levels.
You also visited: Bailey, Ice Cave and Volcano.

You collected 11264 gold pieces.
You spent 9423 gold pieces at shops.

Inventory:

Hand Weapons
 a - a +9 vampiric eveningstar (weapon)
 Y - a +6 sacred scourge of holy wrath
Missiles
 x - 30 curare-tipped darts (quivered)
Armour
 b - a +8 crystal plate armour
 c - the +3 warlock's mirror (worn) {reflect}
   (You took it off a deep elf annihilator on level 3 of the Elven Halls)

   It can block and reflect piercing ranged attacks and magical attacks against
   the wielder's willpower.
 d - the +3 pair of gauntlets of War (worn) {Slay+5}
   (You found it on level 3 of the Elven Halls)

   Slay:      It affects your accuracy & damage with ranged weapons and melee
   (+5).
 g - a +2 cloak (worn)
 p - +8 fire dragon scales (worn) {Xtahua}
 v - the +0 faerie dragon scales {rCorr MP+9 Dex+3}
   (You took it off the Enchantress on level 1 of the Depths)

   Dex:       It affects your dexterity (+3).
   MP:        It affects your magic capacity (+9).
   rCorr:     It protects you from acid and corrosion.
 z - a +2 pair of boots (worn)
 K - the +2 hood of the Assassin (worn) {Detection Stab+ Stlth++}
   (You found it on level 3 of the Elven Halls)

   It allows the wearer to sense nearby creatures.
   It allows the wearer to make particularly effective stabbing attacks against
   helpless or unaware enemies with any weapon.
   Stlth:     It makes you much more stealthy.
Jewellery
 i - the ring "Xyirolir" (right hand) {rF- Str+6 Slay+6}
   (You took it off a deep elf demonologist on level 2 of the Elven Halls)

   [ring of strength]

   Str:       It affects your strength (+6).
   Slay:      It affects your accuracy & damage with ranged weapons and melee
   (+6).
   rF:        It makes you vulnerable to fire.
 m - a ring of protection from cold
 C - the ring of the Rose {rPois rN+ SInv Stlth+}
   (You found it in an ice cave)

   [ring of positive energy]

   rPois:     It protects you from poison.
   rN:        It protects you from negative energy.
   SInv:      It lets you see invisible.
   Stlth:     It makes you more stealthy.
 D - the ring of Joywko Wavo {rN+ rCorr}
   (You found it in Pandemonium)

   [ring of resist corrosion]

   rN:        It protects you from negative energy.
   rCorr:     It protects you from acid and corrosion.
 E - the ring of Fesk (left hand) {rF+ Str+5 Int+3}
   (You found it on level 5 of the Pits of Slime)

   [ring of protection from fire]

   Str:       It affects your strength (+5).
   Int:       It affects your intelligence (+3).
   rF:        It protects you from fire.
 G - the ring "Zueme" {rC+ Int+5 Dex+3 Stlth+}
   (You took it off a rakshasa on level 1 of the Depths)

   [ring of protection from cold]

   Int:       It affects your intelligence (+5).
   Dex:       It affects your dexterity (+3).
   rC:        It protects you from cold.
   Stlth:     It makes you more stealthy.
 N - the amulet of Ixef Oqi {Spirit rElec rF- rC+ rCorr}
   (You took it off a deep elf death mage on level 3 of the Elven Halls)

   [amulet of guardian spirit]

   It causes incoming damage to be divided between your reserves of health and
   magic.
   rF:        It makes you vulnerable to fire.
   rC:        It protects you from cold.
   rElec:     It insulates you from electricity.
   rCorr:     It protects you from acid and corrosion.
 P - a ring of positive energy
 V - a ring of see invisible
 X - the amulet of the Four Winds (around neck) {rN+ Will+++ Clar}
   (You bought it in a shop on level 3 of the Vaults)

   [amulet of nothing]

   rN:        It protects you from negative energy.
   Clar:      It protects you against confusion.
   Will:      It greatly increases your willpower.
 Z - an amulet of regeneration
Wands
 h - a wand of flame (161)
 o - a wand of polymorph (54)
 q - a wand of charming (10)
 r - a wand of iceblast (78)
 w - a wand of digging (5)
 A - a wand of acid (28)
 M - a wand of mindburst (3)
Scrolls
 l - 6 scrolls of teleportation
 s - 6 scrolls of magic mapping
 y - a scroll of torment
 F - 4 scrolls of immolation
 H - 42 scrolls of identify
 I - 3 scrolls of silence
 J - 6 scrolls of fear
 L - 3 scrolls of fog
 O - 6 scrolls of amnesia
 T - 3 scrolls of blinking
 U - 3 scrolls of summoning
Potions
 e - 2 potions of resistance
 j - 10 potions of curing
 n - 3 potions of magic
 t - 7 potions of lignification
 u - 2 potions of cancellation
 B - 7 potions of brilliance
 Q - 4 potions of might
 S - 4 potions of attraction
 W - 4 potions of ambrosia
Miscellaneous
 R - a condenser vane


   Skills:
 - Level 23.6 Fighting
 - Level 16.9 Maces & Flails
 - Level 17.1 Armour
 - Level 13.9 Dodging
 - Level 19.2 Stealth
 - Level 13.6 Shields
 - Level 6.3 Spellcasting
 - Level 19.1 Conjurations
 - Level 16.6 Summonings
 + Level 17.1 Necromancy
 - Level 12.1 Translocations
 - Level 7.8 Fire Magic
 - Level 18.1 Earth Magic
 - Level 12.1 Poison Magic
 - Level 20.8 Invocations
 - Level 7.8 Evocations


You had 10 spell levels left.
You knew the following spells:

 Your Spells              Type           Power      Damage    Failure   Level
a - Apportation           Tloc           100%       N/A       0%          1
b - Lesser Beckoning      Tloc           51%        N/A       1%          3
c - Borgnjor's Vile Clut  Necr/Erth      32%        N/A       1%          5
d - Poisonous Vapours     Pois/Air       56%        N/A       1%          2
f - Passwall              Tmut/Erth      33%        N/A       1%          2
g - Spellforged Servitor  Conj/Summ      32%        N/A       2%          7
h - Lehudib's Crystal Sp  Conj/Erth      33%        10d8      16%         8

Your spell library contained the following spells:

 Spells                   Type           Power      Damage    Failure   Level
 Animate Skeleton         Necr           100%       N/A       0%          1
 Foxfire                  Conj/Fire      100%       2x1d9     0%          1
 Magic Dart               Conj           100%       1d8       0%          1
 Pain                     Necr           100%       1d9       0%          1
 Sandblast                Erth           100%       2d20      0%          1
 Summon Small Mammal      Summ           100%       N/A       0%          1
 Call Imp                 Summ           62%        N/A       0%          2
 Searing Ray              Conj           100%       2d8       0%          2
 Call Canine Familiar     Summ           62%        N/A       0%          3
 Vampiric Draining        Necr           63%        2d10      0%          3
 Animate Armour           Summ/Erth      100%       N/A       0%          4
 Animate Dead             Necr           31%        N/A       0%          4
 Dispel Undead            Necr           63%        3d22      0%          4
 Shock                    Conj/Air       100%       1d9       1%          1
 Sting                    Tmut/Pois      100%       1d8       1%          1
 Corpse Rot               Necr/Air       76%        N/A       1%          2
 Scorch                   Fire           70%        2d8       1%          2
 Static Discharge         Conj/Air       41%        N/A       1%          2
 Conjure Flame            Conj/Fire      54%        6-21      1%          3
 Gell's Gravitas          Tloc           51%        N/A       1%          3
 Ignite Poison            Fire/Tmut/Pois 30%        N/A       1%          3
 Mephitic Cloud           Conj/Pois/Air  45%        N/A       1%          3
 Portal Projectile        Hex/Tloc       56%        N/A       1%          3
 Spider Form              Tmut/Pois      28%        N/A       1%          3
 Summon Guardian Golem    Hex/Summ       37%        N/A       1%          3
 Teleport Other           Tloc           51%        N/A       1%          3
 Flame Wave               Conj/Fire      54%        3d10      1%          4
 Fulminant Prism          Conj/Hex       20%        3d13      1%          4
 Hailstorm                Conj/Ice       41%        3d10      1%          4
 Iskenderun's Mystic Bla  Conj/Tloc      59%        2d12      1%          4
 Leda's Liquefaction      Hex/Erth       20%        N/A       1%          4
 Olgreb's Toxic Radiance  Pois           51%        N/A       1%          4
 Passage of Golubria      Tloc           51%        N/A       1%          4
 Petrify                  Tmut/Erth      40%        N/A       1%          4
 Sticky Flame             Conj/Fire      54%        2d7       1%          4
 Summon Lightning Spire   Summ/Air       37%        N/A       1%          4
 Agony                    Necr           63%        N/A       1%          5
 Excruciating Wounds      Necr           31%        N/A       1%          5
 Iskenderun's Battlesphe  Conj           67%        2d12      1%          5
 Lee's Rapid Deconstruct  Erth           32%        3d18*     1%          5
 Summon Forest            Summ/Tloc      28%        N/A       1%          5
 Death Channel            Necr           31%        N/A       1%          6
 Iron Shot                Conj/Erth      33%        9d7       1%          6
 Summon Cactus Giant      Summ           31%        N/A       1%          6
 Orb of Destruction       Conj           33%        9d12      1%          7
 Inner Flame              Hex/Fire       20%        N/A       2%          3
 Irradiate                Conj/Tmut      20%        3d20      2%          5
 Lightning Bolt           Conj/Air       20%        1d35      2%          5
 Starburst                Conj/Fire      27%        6d9       2%          6
 Haunt                    Necr/Summ      31%        N/A       3%          7
 Beastly Appendage        Tmut           10%        N/A       4%          1
 Freeze                   Ice            20%        1d4       4%          1
 Slow                     Hex            20%        N/A       4%          1
 Summon Mana Viper        Hex/Summ       37%        N/A       4%          5
 Dispersal                Tloc           25%        N/A       4%          6
 Summon Hydra             Summ           31%        N/A       4%          7
 Ensorcelled Hibernation  Hex/Ice        10%        N/A       7%          2
 Wereblood                Tmut           5%         N/A       7%          2
 Alistair's Intoxication  Tmut/Pois      18%        N/A       12%         5
 Malign Gateway           Summ/Tloc      28%        N/A       12%         7
 Confusing Touch          Hex            5%         N/A       16%         3
 Frozen Ramparts          Ice            10%        1d3       16%         3
 Ozocubu's Armour         Ice            5%         N/A       16%         3
 Swiftness                Air            5%         N/A       16%         3
 Tukima's Dance           Hex            5%         N/A       16%         3
 Conjure Ball Lightning   Conj/Air       20%        3x3d6     16%         6
 Simulacrum               Ice/Necr       19%        N/A       26%         6
 Borgnjor's Revivificati  Necr           31%        N/A       32%         8
 Infestation              Necr           31%        N/A       32%         8
 Summon Horrible Things   Summ           31%        N/A       36%         8
 Airstrike                Air            2%         N/A       50%         4
 Cause Fear               Hex            2%         N/A       50%         4
 Eringya's Noxious Bog    Tmut/Pois      14%        N/A       58%         6
 Blade Hands              Tmut           2%         N/A       86%         5
 Metabolic Englaciation   Hex/Ice        2%         N/A       86%         5
 Yara's Violent Unravell  Hex/Tmut       2%         3d3       86%         5
 Disjunction              Tloc           25%        N/A       95%         8
 Shatter                  Erth           32%        3d26*     98%         9
 Death's Door             Necr           31%        N/A       99%         9
 Ozocubu's Refrigeration  Ice            2%         4d5       100%        7
 Discord                  Hex            2%         N/A       100%        8
 Necromutation            Tmut/Necr      19%        N/A       100%        8
 Chain Lightning          Conj/Air       20%        3d27      100%        9
 Dragon's Call            Summ           31%        N/A       100%        9
 Fire Storm               Conj/Fire      27%        8d7       100%        9
 Sublimation of Blood     Necr           Unusable   N/A       N/A         2
 Statue Form              Tmut/Erth      Unusable   N/A       N/A         6

Dungeon Overview and Level Annotations

Branches:
Dungeon (15/15)            Temple (0/1) D:7            Lair (6/6) D:8
  Swamp (4/4) Lair:2       Spider (4/4) Lair:3        Slime (5/5) Lair:5
    Orc (2/2) D:10            Elf (3/3) Orc:2        Vaults (5/5) D:14
  Crypt (3/3) Vaults:3       Tomb (1/3) Crypt:3      Depths (4/4) D:15
   Hell (visited)             Dis (0/7) Hell            Geh (0/7) Hell
    Coc (0/7) Hell            Tar (0/7) Hell            Zot (5/5) Depths:4
 Bailey (visited)           IceCv (visited)         Volcano (visited)

Altars:
Ashenzari
Cheibriados
Dithmenos
Elyvilon
Fedhas
Gozag
Kikubaaqudgha
Nemelex Xobeh
Sif Muna
Uskayaw
Vehumet
Wu Jian
Xom
Yredelemnul
The Shining One
Jiyva

Shops:
D:3 *   D:8 [   D:12 *=:(   D:13 **   Orc:2 (*[=(   Elf:1 !:   Elf:3 [?[*[[
Vaults:3 =   Depths:2 *   Depths:3 :=:   Depths:4 **(?

Portals:
Hell: Depths:1 Depths:2 Depths:3 Depths:4
Abyss: Lair:2 Depths:3 Depths:4
Pandemonium: Depths:1 Depths:2 Depths:3 Depths:4

Annotations:
D:13 3 runed translucent doors, Ophy Cobb's ghost, journeyman VSCj
Swamp:4 exclusion: 2 oklob plants


Innate Abilities, Weirdness & Mutations

You are immune to sickness and miasma.
Your stone body is resilient. (AC +20)
You are immune to poison.
Your large and strong wings let you fly.
You resist negative energy. (rN+)
You are resistant to electric shocks. (rElec)
You are resistant to unholy torment.
You are immune to petrification.
You have a somewhat thin skeletal structure. (Dex +2, Stealth+)
You are agile. (Dex +2)
You tend to lose your temper in combat.
Armour fits poorly on your strangely shaped body.
You do not regenerate when monsters are visible.
Your muscles are very strong. (Str +4)
You are sometimes teleported next to monsters.
Potions are less effective at restoring your health.
Your spells are easier to cast, but less powerful.
You sometimes lose the ability to read scrolls when taking damage.
You expend magic power (3 MP) to strengthen your wands.


Message History

The death cob gives a chilling moan.
You pound the tentacled monstrosity like an anvil!!!
The tentacled monstrosity is heavily wounded.
You hear a shout!
The Orb Guardian closely misses you. You block the Orb Guardian's attack.
You stick the tentacled monstrosity like a pincushion!!!
The tentacled monstrosity is almost dead.
You hear a shout!
You block the quicksilver dragon's attack.
The quicksilver dragon claws you but does no damage.
You hear a loud "Zot"!
The power of Zot is invoked against you!
You suddenly feel drained of magical energy!
The Orb Guardian closely misses you.
The deathcap releases spores at you but does no damage.
The Orb Guardian closely misses you. The wandering mushroom misses you.
You hear a loud "Zot"!
The tentacled monstrosity tentacle-slaps you but does no damage.
The tentacled monstrosity misses you.
The tentacled monstrosity completely misses you.
The tentacled monstrosity grabs you.
The tentacled monstrosity constricts you.
* * * LOW HITPOINT WARNING * * *
Your body shudders with the violent release of wild energies!
Your connection to magic feels more subdued.
You crush the tentacled monstrosity like a grape!!!
You kill the tentacled monstrosity!
Cheibriados thoroughly appreciates the change of pace.
The quicksilver dragon bites you but does no damage.
The quicksilver dragon claws you but does no damage.
The Orb Guardian completely misses you. You block the Orb Guardian's attack.
The deathcap misses you.
You block the wandering mushroom's attack.
You stick the deathcap like a pincushion!!!
The deathcap is almost destroyed.
You hear a shout!
The quicksilver dragon bites you but does no damage.
The quicksilver dragon claws you but does no damage.
The Orb Guardian hits you!!
You die...

**,,,,,,,,,,,,,,,****
**...............,,,,***
**,...............,,,,,,**
*,,...p...........,,,,,,,*
*,,..°z...........,,,,,,,*▓
**,...^y..........,,,,,,,▓▓
**....D.ff...^...,,,,,,,▓.
*▓....X*XX....^.,,,,,,,X.
**......D@Dzf.$..,,,,,,,▓.
**,......fpf......,,,,,,,▓▓
*,,........f......,,,,,,,*▓
*,,............^..,,,,,,,*
**,..^....^...^...,,,,,,**
**?..............,,,^***
*▓▓▓..........^.,****
▓▓▓▓▓▓▓▓▓▓▓▓▓**


You could see an orb of fire, 2 Killer Klowns, 2 golden dragons, a curse toe, a
death cob, a quicksilver dragon, 3 Orb Guardians, 2 deathcaps, a moth of wrath
and 4 wandering mushrooms.

Vanquished Creatures
  the Royal Jelly (Slime:5)
  3 dread liches
  Mnoleg (Pan)
  3 ancient liches (Abyss:1)
  An orb of fire (Zot:5)
  2 juggernauts
  6 royal mummies
  Bai Suzhen (Elf:3)
  3 Killer Klowns
  Xtahua (Vaults:2)
  Geryon (Hell)
  9 golden dragons
  the Enchantress (Depths:1)
  Arachne (Spider:4)
  2 profane servitors
  6 bone dragons
  5 electric golems
  18 tentacled monstrosities
  3 doom hounds (Hell)
  4 hellephants
  2 Tzitzimimeh
  4 Hell Sentinels
  An Ice Fiend (Pan)
  11 liches
  2 Orb Guardians (Zot:5)
  3 searing wretches
  Mlioglotl (Spider:1)
  3 deep elf blademasters
  6 titans
  A pandemonium lord (Pan)
  6 quicksilver dragons
  10 death cobs
  2 deep elf master archers (Elf:3)
  2 Executioners
  17 acid blobs
  Frances (Swamp:2)
  Gastronok (D:10)
  12 sphinxes
  4 ancient champions
  Agnes (D:15)
  17 storm dragons
  26 tentacled starspawn
  11 shadow dragons
  Roxanne (D:15)
  8 draconian monks
  2 thorn hunters
  8 tengu reavers
  15 azure jellies
  4 rockslimes
  13 fire giants
  A fenstrider witch (Swamp:2)
  A ghost moth (shapeshifter) (Vaults:2)
  2 revenants
  6 deep elf sorcerers
  5 draconian scorchers
  6 draconian knights
  2 iron dragons
  6 balrugs
  24 cacodemons
  3 caustic shrike zombies
  2 orc warlords
  8 vault wardens
  2 curse skulls
  6 ghost moths
  4 draconian shifters
  2 juggernaut zombies (Crypt:3)
  7 ghouls
  A quicksilver ooze (shapeshifter) (Vaults:1)
  2 deep elf elementalists (Elf:3)
  A juggernaut skeleton (Crypt:3)
  An angel (Abyss:2)
  4 spectral caustic shrikes (Depths:4)
  2 draconian stormcallers
  5 frost giants
  21 stone giants
  2 emperor scorpions
  20 ironbound preservers
  15 quicksilver oozes
  14 reapers
  A demonspawn corrupter (Pan)
  4 spriggan defenders
  A caustic shrike skeleton (Crypt:3)
  6 draconian annihilators
  36 very ugly things
  3 war gargoyles
  4 hydra skeletons
  The ghost of yegreS the Severer, a journeyman MiFi of Okawaru (Orc:2)
  7 entropy weavers
  A black draconian (shapeshifter) (Zot:3)
  6 deep elf demonologists
  16 vampire knights
  An ophan (Abyss:4)
  3 demonspawn black suns (Pan)
  4 bunyips
  9 green draconians
  10 yellow draconians
  8 lorocyprocas
  A spark wasp (shapeshifter) (Depths:1)
  9 black draconians
  A purple draconian (shapeshifter) (Zot:3)
  15 dire elephants
  11 purple draconians
  12 spark wasps
  9 deep elf annihilators
  14 red draconians
  20 white draconians
  Snorg (Lair:4)
  11 mummy priests
  A blizzard demon (Abyss:3)
  8 eidola
  2 crystal guardians
  7 eleionomae
  A great orb of eyes (shapeshifter) (Vaults:4)
  7 fire dragons
  12 jiangshi
  4 deep elf high priests
  5 green deaths
  9 deep elf death magi
  15 ettins
  11 yaktaur captains
  5 shambling mangroves
  13 great orbs of eyes
  14 ice dragons
  Erolcha (D:12)
  27 hydras
  9 rakshasas
  8 boulder beetles
  2 naga warriors (Abyss:4)
  A hell beast (Depths:3)
  Fannar (D:11)
  9 spriggan air magi
  42 vault guards
  4 ironbound thunderhulks
  A catoblepas (Lair:5)
  9 two-headed ogres
  2 death knights
  16 centaur warriors
  A catoblepas (shapeshifter) (Zot:3)
  2 ghost crabs
  8 ironbound frosthearts
  3 ogre magi (Vaults:5)
  11 alligators
  25 dancing weapons
  3 peacekeepers
  9 deep troll earth magi
  4 deep troll shamans
  4 tengu warriors
  5 death scarabs
  A death yak (shapeshifter) (Zot:3)
  10 vampire magi
  9 death yaks
  Urug (D:11)
  4 orc high priests (Orc:2)
  2 titan zombies
  3 hell hogs
  7 spriggan berserkers
  39 thrashing horrors
  20 deep elf knights
  21 soul eaters
  18 sun demons
  A titan skeleton (Crypt:2)
  3 shadow wraiths
  28 wretched stars
  2 salamander mystics (Depths:3)
  22 hell knights
  A fire crab (shapeshifter) (Abyss:2)
  9 iron trolls
  26 sixfirhies
  14 spatial maelstroms
  9 glowing orange brains
  3 goliath frogs
  An iron giant zombie (Crypt:3)
  An entropy weaver zombie (Crypt:1)
  A sea snake (shapeshifter) (Vaults:2)
  21 skeletal warriors
  68 deep trolls
  8 spriggan druids
  16 shadow demons
  2 anaconda zombies
  5 flayed ghosts
  9 deep elf archers
  6 swamp dragons
  A spectral hydra (Swamp:4)
  A storm dragon skeleton (Crypt:3)
  32 phantasmal warriors
  A bunyip zombie (Crypt:3)
  13 wizards
  5 bog bodies
  3 anaconda skeletons
  Pikel (D:5)
  21 deep elf pyromancers
  17 deep elf zephyrmancers
  An orange crystal statue (IceCv)
  10 lindwurms
  17 ironbound convokers
  18 necromancers
  2 golden dragon skeletons (Depths:2)
  21 orb spiders
  6 orc knights
  8 shining eyes
  An orb spider (shapeshifter) (Vaults:2)
  10 worldbinders
  A stone giant zombie (Crypt:3)
  7 orc sorcerers
  A fire giant zombie (Depths:2)
  67 ugly things
  A manticore (D:13)
  4 oklob plants
  7 cyclopes
  11 will-o-the-wisps
  34 wolf spiders
  7 salamanders (Depths:3)
  5 rust devils
  3 cyclopes (shapeshifter)
  5 spriggan zombies (Crypt:3)
  4 apocalypse crabs
  8 centaur zombies
  30 smoke demons
  A human skeleton (Vaults:3)
  A naga zombie (Abyss:4)
  7 guardian serpents
  21 moths of wrath
  15 cane toads
  4 black mambas
  11 elephants (Lair:6)
  A dire elephant zombie (Crypt:3)
  An elf zombie (Vaults:3)
  10 eyes of devastation
  16 vault sentinels
  5 storm dragon simulacra (IceCv)
  An eye of devastation (shapeshifter) (Elf:2)
  2 molten gargoyles (Volcano)
  4 dire elephant skeletons
  A naga mage (Abyss:4)
  A naga skeleton (Crypt:3)
  A gargoyle (D:11)
  Psyche (D:11)
  3 rime drakes
  2 torpor snails
  Maggie (D:7)
  2 spriggan skeletons
  16 komodo dragons
  28 yaktaurs
  27 orange demons
  An unseen horror (D:12)
  4 kobold demonologists
  2 hellions
  2 rime drakes (shapeshifter)
  3 tengu conjurers
  12 ice devils
  A nameless horror (Tomb:1)
  11 efreet
  4 sea snake zombies (Hell)
  21 demonic crawlers
  An anaconda simulacrum (Hell)
  7 golden dragon simulacra (IceCv)
  19 freezing wraiths
  28 ancient zymes
  13 guardian mummies
  6 tormentors
  4 harpy zombies (Zot:3)
  A sea snake skeleton (Hell)
  2 purple draconian skeletons (Crypt:2)
  26 hellwings
  6 hydra zombies
  9 tyrant leeches
  42 jumping spiders
  A hornet (shapeshifter) (Abyss:2)
  3 meliai (D:14)
  5 polar bears
  8 trolls
  A red devil (Depths:1)
  24 hornets
  62 raiju
  A harpy skeleton (Hell)
  A death drake skeleton (Swamp:4)
  An ettin zombie (Tomb:1)
  104 slime creatures
  A dream sheep (Lair:6)
  54 blink frogs
  A dream sheep (shapeshifter) (D:15)
  A frost giant simulacrum (Vaults:3)
  A stone giant simulacrum (Vaults:3)
  44 flying skulls
  2 ettin skeletons (Crypt:3)
  2 vampires
  Sigmund (D:6)
  A satyr skeleton (Crypt:2)
  2 spriggans (shapeshifter)
  3 shadows
  7 water elementals
  25 spriggans
  13 wraiths
  A fire dragon skeleton (Crypt:3)
  45 tarantellas
  4 ushabtiu
  2 wyverns
  80 large abominations
  22 ynoxinuls
  62 yaks
  A naga simulacrum (Abyss:4)
  An air elemental (Elf:2)
  A wyvern (shapeshifter) (D:14)
  102 redbacks
  15 fire bats
  A black mamba skeleton (Crypt:1)
  2 fire elementals
  9 basilisks
  18 golden eyes
  2 steam dragons
  42 neqoxecs
  22 chaos spawn
  9 wargs (Orc:2)
  11 vampire mosquitoes
  A demonspawn zombie (Crypt:2)
  Menkaure (D:7)
  A harpy simulacrum (Abyss:4)
  13 swamp worms
  A swamp worm (shapeshifter) (Depths:4)
  17 spatial vortices
  3 nagas (Abyss:4)
  2 floating eyes
  A deep troll zombie (Crypt:1)
  4 hell hounds (Abyss:3)
  A two-headed ogre zombie (Crypt:1)
  A naga (shapeshifter) (Abyss:3)
  6 hydra simulacra
  15 water moccasins
  Duvessa (D:7)
  3 swamp drakes
  43 orc warriors
  5 ice beasts
  A swamp dragon zombie (Swamp:4)
  6 necrophages
  4 sky beasts
  4 ice dragon simulacra (IceCv)
  4 black bears
  A dream sheep zombie (Crypt:2)
  9 ogres
  8 boggarts
  29 wolves
  2 swamp dragon skeletons (Swamp:4)
  6 centaurs
  A lemure (D:5)
  3 phantoms
  A kobold brigand (D:10)
  8 earth elementals
  8 bullfrogs
  A scorpion (shapeshifter) (Elf:3)
  3 scorpions
  A water moccasin zombie (D:5)
  9 wyvern skeletons (Crypt:3)
  46 small abominations
  Dowan (D:7)
  An orc simulacrum (Vaults:1)
  A ballistomycete (Lair:2)
  A queen bee zombie (Crypt:2)
  5 lindwurm simulacra (IceCv)
  A shapeshifter zombie (Crypt:1)
  A water moccasin skeleton (D:5)
  6 killer bees (D:9)
  2 vampire bats (D:6)
  6 wights
  6 electric eels
  A yak skeleton (Crypt:2)
  A troll skeleton (Crypt:2)
  4 howler monkeys
  7 lava snakes (Volcano)
  A bullfrog zombie (D:6)
  160 starcursed masses
  3 hounds
  3 jellies
  16 orc priests
  2 centaur skeletons
  5 quasits
  A basilisk zombie (Crypt:2)
  5 iron imps
  4 iguanas
  13 hell rats
  24 orc wizards
  A tengu zombie (Crypt:1)
  10 mummies
  A howler monkey zombie (D:10)
  4 gnolls (D:7)
  A howler monkey skeleton (D:4)
  10 adders
  A shadow imp (Abyss:3)
  7 white imps
  10 ufetubi
  An adder zombie (Crypt:1)
  2 worms
  3 dart slugs
  82 orcs
  3 bat skeletons (D:6)
  2 bat zombies (D:6)
  6 endoplasms
  3 giant cockroaches
  7 goblins
  11 hobgoblins
  10 jackals
  4 quokkas
  3 training dummies (Orc:2)
  4 ball pythons
  5 bats
  A dart slug zombie (Crypt:2)
  2 frilled lizards
  18 kobolds
  A kobold skeleton (Crypt:1)
  4 rats
  A ballistomycete spore (Lair:2)
  A butterfly (Lair:2)
  4 fire vortices (Hell)
  4 foxfires
  A lurking horror (Abyss:2)
  16 starspawn tentacles
3791 creatures vanquished.

Vanquished Creatures (collateral kills)
  2 golden dragons
  A bone dragon (Hell)
  2 Tzitzimimeh
  An acid blob (Slime:5)
  3 azure jellies
  A draconian scorcher (Zot:3)
  2 draconian shifters
  3 cacodemons
  A balrug (Pan)
  A very ugly thing (Zot:3)
  2 black draconians
  A draconian annihilator (Zot:4)
  A green draconian (Zot:4)
  A white draconian (Zot:1)
  A lorocyproca (Pan)
  A purple draconian (Zot:3)
  A yellow draconian (shapeshifter) (Zot:3)
  2 mummy priests (Tomb:1)
  A green death (Pan)
  A great orb of eyes (Zot:3)
  The ghost of Pioh the Destroyer, a journeyman DECj of Vehumet (Lair:2)
  3 soul eaters
  4 sun demons (Pan)
  3 sixfirhies (Pan)
  A shadow demon (Pan)
  A necromancer (Hell)
  An ugly thing (Zot:3)
  2 shining eyes
  3 moths of wrath
  An eye of devastation (Slime:5)
  2 smoke demons
  A centaur skeleton (Hell)
  3 orange demons (Pan)
  A hydra zombie (Hell)
  A guardian mummy (Tomb:1)
  6 slime creatures (Slime:5)
  An ettin skeleton (Hell)
  A golden eye (Slime:4)
  A neqoxec (Lair:2)
  2 mummies (Tomb:1)
  An orc (Bailey)
  A lurking horror (Abyss:4)
70 creatures vanquished.

Vanquished Creatures (others)
  2 liches
  A shadow dragon (Vaults:5)
  A demonspawn warmonger (Pan)
  2 fire giants
  A draconian stormcaller (Zot:4)
  A deep elf elementalist (Elf:3)
  A deep elf death mage (Elf:3)
  A hydra (Swamp:4)
  A thrashing horror (Abyss:4)
  3 deep elf knights
  An orb spider (Spider:4)
  A deep elf zephyrmancer (Elf:3)
  An orb spider (shapeshifter) (D:13)
  A moth of wrath (Zot:4)
  A komodo dragon (D:8)
  An iron giant simulacrum (Abyss:3)
  3 large abominations
  2 raiju
  6 small abominations (Abyss:4)
  A spriggan (Lair:2)
  6 golden eyes (Abyss:4)
  A floating eye (Abyss:4)
  2 swamp drakes
  2 orc warriors (Bailey)
  A starcursed mass (Abyss:1)
  A naga simulacrum (Abyss:4)
  An orc wizard (D:8)
  A howler monkey zombie (D:8)
  An ufetubus (Abyss:4)
  A creeping inferno (Hell)
  2 fire vortices (Hell)
  41 foxfires
  40 fungi
  2 lurking horrors
  75 plants
  51 starspawn tentacles
  10 withered plants (Crypt:3)
270 creatures vanquished.

Grand Total: 4131 creatures vanquished

Notes
Turn   | Place    | Note
-------+----------+-------------------------------------------
     0 | D:1      | Ijustatesigmund the Gargoyle Fighter began the quest for
                  | the Orb.
     0 | D:1      | Reached XP level 1. HP: 14/14 MP: 1/1
   269 | D:1      | Reached XP level 2. HP: 14/19 MP: 2/2
   945 | D:2      | Reached XP level 3. HP: 24/24 MP: 3/3
   976 | D:2      | Reached skill level 4 in Fighting
   996 | D:2      | You fall into a shaft and drop 2 floors!
  1198 | D:2      | Reached XP level 4. HP: 25/29 MP: 4/4
  1512 | D:2      | Found a faded altar of an unknown god.
  1984 | D:3      | Found Fim Seodd's Assorted Antiques.
  1992 | D:3      | Bought a scroll labelled HOZIUSTA ROIRPH for 24 gold pieces
  1992 | D:3      | Bought a scroll labelled IMISUI IRAASHE for 24 gold pieces
  2257 | D:3      | Reached XP level 5. HP: 34/34 MP: 5/5
  3203 | D:4      | Noticed a phantom
  3211 | D:4      | Killed a phantom
  3212 | D:4      | Reached skill level 5 in Fighting
  3212 | D:4      | Reached XP level 6. HP: 34/40 MP: 6/6
  3328 | D:4      | Found a shimmering blue altar of Sif Muna.
  3329 | D:4      | Found a radiant altar of Vehumet.
  3330 | D:4      | Found a glowing golden altar of the Shining One.
  3330 | D:4      | Found a broken altar of Ashenzari.
  3533 | D:4      | Reached skill level 5 in Armour
  3612 | D:5      | Entered Level 5 of the Dungeon
  3682 | D:3      | Bought 2 sedimented purple potions for 43 gold pieces
  3756 | D:5      | Noticed a necrophage
  3774 | D:5      | Killed a necrophage
  3775 | D:5      | Reached XP level 7. HP: 34/45 MP: 7/7
  3845 | D:5      | Reached skill level 6 in Fighting
  3874 | D:5      | Reached skill level 5 in Maces & Flails
  3874 | D:5      | Reached skill level 1 in Dodging
  4057 | D:5      | Reached XP level 8. HP: 39/51 MP: 8/8
  4248 | D:5      | Found a snail-covered altar of Cheibriados.
  4266 | D:5      | Became a worshipper of Cheibriados the Contemplative
  4992 | D:6      | Noticed Pikel
  5028 | D:5      | Killed Pikel
  5029 | D:5      | Reached skill level 7 in Fighting
  5029 | D:5      | Reached skill level 5 in Shields
  5126 | D:6      | Reached XP level 9. HP: 35/57 MP: 9/9
  5461 | D:6      | Reached skill level 11 in Fighting
  5461 | D:6      | Reached XP level 10. HP: 70/70 MP: 10/10
  5497 | D:6      | Found an ancient bone altar of Kikubaaqudgha.
  5548 | D:6      | Reached * piety under Cheibriados
  5550 | D:6      | Noticed Sigmund
  5563 | D:6      | Killed Sigmund
  5564 | D:6      | Reached skill level 1 in Invocations
  6469 | D:7      | Noticed Duvessa
  6469 | D:7      | Noticed Dowan
  6483 | D:7      | Killed Duvessa
  6505 | D:7      | Killed Dowan
  6505 | D:7      | Reached ** piety under Cheibriados
  6656 | D:7      | Found a sparkling altar of Nemelex Xobeh.
  6656 | D:7      | Found a white marble altar of Elyvilon.
  6708 | D:7      | Noticed Menkaure
  6717 | D:7      | Killed Menkaure
  7075 | D:7      | Found a staircase to the Ecumenical Temple.
  7354 | D:7      | Noticed Maggie
  7362 | D:7      | Killed Maggie
  7630 | D:8      | Found Jiocwy's Antique Armour Emporium.
  7657 | D:8      | Found a flagged portal.
  7661 | D:8      | Reached *** piety under Cheibriados
  7671 | Bailey   | Entered a bailey
  7833 | Bailey   | Reached XP level 11. HP: 52/76 MP: 12/12
  8169 | Bailey   | Noticed an orc knight
  8184 | Bailey   | Killed an orc knight
  8184 | Bailey   | Reached **** piety under Cheibriados
  8510 | Bailey   | Reached XP level 12. HP: 81/81 MP: 13/16
  8692 | D:8      | Reached skill level 12 in Fighting
  8977 | D:8      | Found a staircase to the Lair.
  9126 | D:8      | Identified the +8 trident of Nightmares {venom, Str+3
                  | Dex+4}
  9312 | D:9      | Noticed a two-headed ogre
  9322 | D:9      | Killed a two-headed ogre
  9647 | D:9      | Reached ***** piety under Cheibriados
  9790 | D:9      | Identified the +9 chain mail of Joy {Str+5}
 10010 | D:10     | Entered Level 10 of the Dungeon
 10025 | D:10     | Noticed Gastronok
 10326 | D:10     | Killed Gastronok
 10947 | D:10     | Learned a level 1 spell: Apportation
 11135 | D:10     | Found a staircase to the Orcish Mines.
 11401 | D:11     | Noticed a two-headed ogre
 11408 | D:11     | Killed a two-headed ogre
 11459 | D:11     | Noticed a centaur warrior
 11472 | D:11     | Killed a centaur warrior
 11473 | D:11     | Reached XP level 13. HP: 87/87 MP: 18/18
 11532 | D:11     | Noticed Fannar
 11536 | D:11     | Noticed Psyche
 11540 | D:11     | Killed Fannar
 11548 | D:11     | Killed Psyche
 11572 | D:11     | Noticed Urug
 11586 | D:11     | Killed Urug
 11587 | D:11     | Reached skill level 5 in Translocations
 12611 | D:12     | Noticed Erolcha
 12622 | D:12     | Killed Erolcha
 13418 | D:12     | Found Guirret's Book Shoppe.
 13597 | D:12     | Found Qelurig's Antique Weapon Shop.
 13747 | D:12     | Found Irebbes's Jewellery Shoppe.
 13755 | D:12     | Bought a +4 ring of evasion for 540 gold pieces
 13760 | D:12     | Found Poimeg's General Store.
 13951 | D:13     | Found a hide-covered altar of Uskayaw.
 13984 | D:13     | Learned a level 3 spell: Lesser Beckoning
 14045 | D:13     | Noticed Ophy Cobb's ghost (journeyman VSCj)
 14049 | D:13     | Identified the +0 ring mail of Hepliaklqana's Envy {rCorr
                  | Str+2 Int-3}
 14140 | D:13     | Reached ****** piety under Cheibriados
 14150 | D:13     | Reached skill level 13 in Fighting
 14495 | D:13     | Found a runed translucent gate.
 14495 | D:13     | Found a runed translucent gate.
 14495 | D:13     | Noticed a minotaur
 14496 | D:13     | Found a runed translucent gate.
 14554 | D:13     | Reached skill level 10 in Maces & Flails
 14585 | D:13     | Gained mutation: Your large and strong wings let you fly.
                  | [Gargoyle growth]
 14585 | D:13     | Reached XP level 14. HP: 94/94 MP: 20/20
 14684 | D:13     | Found Immo's Specific Store.
 14687 | D:13     | Found Weighox's General Store.
 15443 | D:14     | Found a gate to the Vaults.
 16309 | Lair:1   | Entered Level 1 of the Lair of Beasts
 16870 | Lair:1   | Reached skill level 5 in Dodging
 17224 | Lair:1   | Reached skill level 14 in Fighting
 17489 | Lair:1   | Reached skill level 1 in Stealth
 17496 | Lair:1   | Reached skill level 1 in Evocations
 17635 | Lair:2   | Found a dark tunnel.
 17650 | Volcano  | Entered a volcano
 17853 | Volcano  | Found a burning altar of Makhleb.
 18089 | Volcano  | Identified the -6 pair of boots of the Ladybird {rN+ rCorr
                  | Int+3}
 18485 | Lair:2   | Noticed Pioh's ghost (journeyman DECj)
 18488 | Lair:2   | Found a transporter.
 18529 | Lair:2   | Reached skill level 10 in Invocations
 18724 | Lair:3   | Found a hole to the Spider Nest.
 18726 | Lair:3   | Reached XP level 15. HP: 100/100 MP: 22/22
 19218 | Lair:2   | Found a transporter.
 19225 | Lair:2   | Found a one-way gate to the infinite horrors of the Abyss.
 19385 | Lair:2   | Found a staircase to the Swamp.
 19947 | Lair:3   | Learned a level 3 spell: Conjure Flame
 20465 | Lair:4   | Reached skill level 1 in Conjurations
 20615 | Lair:4   | Noticed Snorg
 20632 | Lair:4   | Killed Snorg
 20633 | Lair:4   | Reached skill level 1 in Fire Magic
 21491 | Lair:5   | Found the amulet of the Air {Inacc Air Fly rElec RMsl}
 21870 | Lair:5   | Found an ornate altar of the Wu Jian Council.
 21881 | Lair:5   | Identified the +4 short sword "Fyttieng" {vorpal, Fly rN+
                  | Will+ MP+9}
 22091 | Lair:5   | Reached skill level 15 in Fighting
 22194 | Lair:5   | Found a staircase to the Slime Pits.
 22258 | Lair:6   | Entered Level 6 of the Lair of Beasts
 22535 | Lair:6   | Reached XP level 16. HP: 90/108 MP: 24/24
 23088 | Lair:6   | Reached skill level 5 in Conjurations
 23447 | Lair:6   | Reached skill level 5 in Fire Magic
 24165 | Orc:1    | Entered Level 1 of the Orcish Mines
 24711 | Orc:2    | Entered Level 2 of the Orcish Mines
 24725 | Orc:2    | Found Ceoxzuit's Firing Range.
 25067 | Orc:2    | Found a staircase to the Elven Halls.
 25179 | Orc:2    | Noticed yegreS's ghost (journeyman MiFi)
 25192 | Orc:2    | Found a transporter.
 25222 | Orc:2    | Killed yegreS's ghost
 25226 | Orc:2    | Found a transporter.
 26255 | Orc:2    | Found Bach's Antique Armour Shoppe.
 26256 | Orc:2    | Found Fayb Ryfy's Antique Weapon Emporium.
 26258 | Orc:2    | Found Lalur's General Store.
 26258 | Orc:2    | Found Lepsip's Jewellery Shoppe.
 26275 | Orc:2    | Bought a slimy hand crossbow for 323 gold pieces
 26275 | Orc:2    | Identified the +6 hand crossbow of Trog's Envy {vorpal,
                  | Stlth+} (You bought it in a shop on level 2 of the Orcish
                  | Mines)
 26277 | Orc:2    | Bought a pair of embroidered boots for 180 gold pieces
 26277 | Orc:2    | Bought a pair of runed gloves for 180 gold pieces
 26287 | Orc:2    | Bought a potion of mutation for 96 gold pieces
 26288 | Orc:2    | Bought a ring of resist corrosion for 220 gold pieces
 26642 | Swamp:1  | Entered Level 1 of the Swamp
 27068 | Swamp:1  | Noticed a tentacled monstrosity
 27079 | Swamp:1  | Killed a tentacled monstrosity
 27094 | Swamp:1  | Reached XP level 17. HP: 67/115 MP: 26/26
 27632 | Swamp:2  | Reached skill level 16 in Fighting
 27702 | Swamp:2  | Noticed Frances
 27786 | Swamp:2  | Killed Frances
 28577 | Swamp:3  | Reached skill level 10 in Shields
 29054 | Swamp:4  | Entered Level 4 of the Swamp
 29504 | Swamp:4  | Reached XP level 18. HP: 111/122 MP: 28/28
 29650 | Swamp:4  | Found a blossoming altar of Fedhas.
 29731 | Swamp:4  | Got a decaying rune of Zot
 29756 | Swamp:4  | Paralysed by a vampire knight for 2 turns
 29871 | Swamp:4  | Paralysed by a vampire knight for 5 turns
 29880 | Swamp:3  | Paralysed by something for 5 turns
 30054 | Swamp:4  | Found a basalt altar of Yredelemnul.
 30260 | Spider:1 | Entered Level 1 of the Spider Nest
 30473 | Spider:1 | Noticed Mlioglotl
 30480 | Spider:1 | Noticed a lich
 30483 | Spider:1 | Killed Mlioglotl
 30909 | Spider:1 | Reached skill level 17 in Fighting
 30932 | Spider:1 | Identified the +1 leather armour of the Beginning {Int+2}
 32061 | Spider:2 | Found a frozen archway.
 32066 | IceCv    | Entered an ice cave
 32485 | IceCv    | Reached skill level 5 in Evocations
 32728 | IceCv    | HP: 3/124 [something/bolt of cold (26)]
 33384 | IceCv    | Identified the ring of the Rose {rPois rN+ SInv Stlth+}
 33387 | IceCv    | Identified the ring of the Middle {Str+3 Int+2 Dex+6}
 33591 | Spider:2 | Reached XP level 19. HP: 118/128 MP: 24/30
 34012 | Spider:3 | Reached skill level 15 in Maces & Flails
 34104 | Spider:3 | Reached skill level 15 in Invocations
 34484 | Spider:3 | Identified a scroll of acquirement
 34485 | Spider:3 | Acquired a manual of Poison Magic
 34493 | Spider:3 | Learned a level 2 spell: Poisonous Vapours
 34620 | Spider:4 | Entered Level 4 of the Spider Nest
 34837 | Spider:4 | Noticed Arachne
 34859 | Spider:4 | Killed Arachne
 34860 | Spider:4 | Reached skill level 5 in Poison Magic
 35338 | Spider:4 | Acquired a manual of Translocations
 35677 | Spider:4 | Got a gossamer rune of Zot
 36083 | Elf:1    | Entered Level 1 of the Elven Halls
 36249 | Elf:1    | Found Huleg's Distillery.
 36258 | Elf:1    | Bought a potion of heal wounds for 90 gold pieces
 36258 | Elf:1    | Bought a potion of mutation for 144 gold pieces
 36258 | Elf:1    | Bought 2 potions of heal wounds for 180 gold pieces
 36668 | Elf:1    | Found Gaoggog's Self-Improvement Boutique.
 37394 | Elf:2    | Found a shimmering blue altar of Sif Muna.
 37474 | Elf:2    | Reached XP level 20. HP: 129/136 MP: 32/32
 37483 | Elf:2    | Found a runed translucent gate.
 37484 | Elf:2    | Found a runed translucent gate.
 37484 | Elf:2    | Found a runed translucent gate.
 37545 | Elf:2    | Reached skill level 10 in Translocations
 37980 | Elf:2    | Reached skill level 10 in Poison Magic
 38679 | Elf:3    | Entered Level 3 of the Elven Halls
 38717 | Elf:3    | Cast into level 3 of the Abyss (a deep elf sorcerer)
 38781 | Abyss:3  | Gained mutation: Armour fits poorly on your strangely
                  | shaped body. [a cacodemon]
 38798 | Abyss:3  | Paralysed by accursed screaming for 1 turns
 38858 | Abyss:3  | Paralysed by accursed screaming for 1 turns
 39019 | Abyss:3  | Noticed a bone dragon
 39036 | Abyss:3  | Killed a bone dragon
 39114 | Abyss:3  | Noticed a bone dragon
 39319 | Abyss:4  | Reached skill level 18 in Fighting
 39378 | Elf:3    | Escaped the Abyss
 39380 | Elf:3    | Noticed a Tzitzimitl
 39394 | Elf:3    | Identified the ring "Xyirolir" {rF- Str+6 Slay+6}
 39991 | Elf:3    | Identified the amulet of Ixef Oqi {Spirit rElec rF- rC+
                  | rCorr}
 40004 | Elf:3    | Cast into level 3 of the Abyss (a deep elf sorcerer)
 40145 | Abyss:3  | Reached skill level 15 in Armour
 40298 | Abyss:3  | Noticed a hellephant
 40341 | Abyss:3  | Killed a hellephant
 41003 | Abyss:3  | Noticed an ancient lich
 41233 | Abyss:3  | Reached XP level 21. HP: 141/141 MP: 30/30
 41574 | Abyss:4  | Found an ancient bone altar of Kikubaaqudgha.
 41615 | Abyss:4  | Gained mutation: Potions are less effective at restoring
                  | your health. [a neqoxec]
 41636 | Abyss:4  | Noticed a bone dragon
 41647 | Abyss:4  | Killed a bone dragon
 41977 | Abyss:4  | Gained mutation: You have hidden genetic defects. [a
                  | neqoxec]
 41993 | Abyss:4  | Gained mutation: Potions cannot restore your health. [a
                  | neqoxec]
 42045 | Abyss:4  | Noticed a bone dragon
 42070 | Abyss:4  | Killed a bone dragon
 42111 | Abyss:4  | Found a shimmering altar of Xom.
 42112 | Abyss:4  | Found a shimmering altar of Xom.
 42125 | Abyss:4  | Gained mutation: Your body sometimes deteriorates upon
                  | taking damage. [a neqoxec]
 42180 | Abyss:4  | Found an ancient bone altar of Kikubaaqudgha.
 42413 | Abyss:4  | Found a corrupted altar of Lugonu.
 42414 | Abyss:4  | Gained mutation: You are frail. (-10% HP) [hidden defects]
 42605 | Abyss:4  | Found a corrupted altar of Lugonu.
 43087 | Abyss:4  | Paralysed by accursed screaming for 1 turns
 43195 | Abyss:4  | Gained mutation: You sometimes lose the ability to read
                  | scrolls when taking damage. [hidden defects]
 43195 | Abyss:4  | Lost mutation: You have hidden genetic defects. [hidden
                  | defects expressed]
 43367 | Abyss:4  | Found an ornate altar of the Wu Jian Council.
 43425 | Abyss:4  | Paralysed by accursed screaming for 1 turns
 43437 | Abyss:4  | Reached skill level 19 in Fighting
 43437 | Abyss:4  | Reached XP level 22. HP: 109/134 MP: 33/35
 43537 | Abyss:4  | Paralysed by accursed screaming for 1 turns
 43734 | Abyss:4  | Reached skill level 5 in Stealth
 43803 | Abyss:4  | Found a shimmering blue altar of Sif Muna.
 44141 | Abyss:4  | Reached skill level 1 in Spellcasting
 44156 | Abyss:4  | Paralysed by accursed screaming for 1 turns
 44161 | Abyss:4  | Paralysed by accursed screaming for 1 turns
 44310 | Abyss:4  | Lost mutation: Your body often deteriorates upon taking
                  | damage. [potion of mutation]
 44310 | Abyss:4  | Lost mutation: You are extremely frail. (-30% HP) [potion
                  | of mutation]
 44310 | Abyss:4  | Lost mutation: You sometimes lose the ability to read
                  | scrolls when taking damage. [potion of mutation]
 44312 | Abyss:4  | HP: 5/120 [starcursed mass/accursed screaming (5)]
 44365 | Abyss:4  | Found a corrupted altar of Lugonu.
 44704 | Abyss:4  | Found a corrupted altar of Lugonu.
 45137 | Abyss:4  | Paralysed by accursed screaming for 1 turns
 45192 | Elf:3    | Escaped the Abyss
 45300 | Elf:3    | Identified the amulet "Ampaprem" {Reflect rPois Int+2 SH+5}
 45451 | Elf:3    | Identified the +2 plate armour "Tavoefub" {Harm Drain rC++
                  | rN+++}
 45537 | Elf:3    | Found Fotutsay's Antique Armour Boutique.
 45567 | Elf:3    | Reached XP level 23. HP: 156/156 MP: 36/36
 45614 | Elf:3    | Got Sif Muna's Volume of Warped Intoxication
 45694 | Elf:1    | Bought a manual of Earth Magic for 1440 gold pieces
 45701 | Elf:1    | Learned a level 6 spell: Iron Shot
 45791 | Elf:3    | Learned a level 2 spell: Passwall
 45811 | Elf:3    | Found the +3 pair of gauntlets of War {Slay+5}
 45812 | Elf:3    | Found the +2 hood of the Assassin {Detection Stab+ Stlth++}
 46052 | Elf:3    | Reached skill level 1 in Earth Magic
 46345 | Elf:3    | Identified the +1 chain mail of Hoysahich {rElec Dex+4}
 46388 | Elf:3    | Found Ylokhloj's Antique Armour Boutique.
 46396 | Elf:3    | Bought a heavily runed helmet for 332 gold pieces
 46396 | Elf:3    | Identified the +0 helmet of Bipnem {rC- Will+ Int-5 Dex+9}
                  | (You bought it in a shop on level 3 of the Elven Halls)
 46422 | Elf:3    | Reached XP level 24. HP: 149/162 MP: 33/36
 46555 | Elf:3    | Found Xiaxaol's Armour Boutique.
 46823 | Elf:3    | Lost mutation: Armour fits poorly on your strangely shaped
                  | body. [potion of mutation]
 46823 | Elf:3    | Gained mutation: You are weak. (Str -2) [potion of
                  | mutation]
 46823 | Elf:3    | Gained mutation: Your spells are a little harder to cast,
                  | but a little more powerful. [potion of mutation]
 46823 | Elf:3    | Gained mutation: You expend magic power (3 MP) to
                  | strengthen your wands. [potion of mutation]
 46961 | Elf:3    | Found Gezekk Jamuo's Assorted Antiques.
 46963 | Elf:3    | Found Zoiseghu's Antique Armour Boutique.
 46965 | Elf:3    | Found Diuharai's Magic Scroll Shop.
 46978 | Elf:3    | Bought a scroll of enchant weapon for 165 gold pieces
 47227 | Elf:3    | Noticed Bai Suzhen
 47229 | Elf:3    | Killed Bai Suzhen
 47230 | Elf:3    | Reached skill level 5 in Earth Magic
 47699 | Vaults:1 | Entered Level 1 of the Vaults
 48068 | Vaults:1 | Acquired 1130 gold pieces
 48388 | Elf:3    | Bought a heavily runed chain mail for 209 gold pieces
 48388 | Elf:3    | Identified the +8 chain mail "Kachisu" {rPois Int+7} (You
                  | bought it in a shop on level 3 of the Elven Halls)
 49679 | Vaults:2 | Reached skill level 10 in Earth Magic
 50486 | Vaults:2 | Noticed Xtahua
 50794 | Vaults:3 | Found a staircase to the Crypt.
 50794 | Vaults:3 | Found an ancient bone altar of Kikubaaqudgha.
 50795 | Vaults:3 | Found a basalt altar of Yredelemnul.
 50941 | Vaults:3 | Reached skill level 10 in Stealth
 50966 | Vaults:3 | Reached skill level 10 in Conjurations
 51022 | Vaults:3 | Reached XP level 25. HP: 168/168 MP: 37/37
 51197 | Vaults:3 | Found Sudauc's Jewellery Boutique.
 51429 | Vaults:2 | You are sucked into a shaft and drop 1 floor!
 51640 | Vaults:2 | Killed Xtahua
 52778 | Vaults:4 | Reached skill level 15 in Earth Magic
 53873 | Vaults:4 | Learned a level 7 spell: Spellforged Servitor
 54030 | D:15     | Entered Level 15 of the Dungeon
 54039 | D:15     | Noticed Agnes
 54046 | D:15     | Killed Agnes
 54118 | D:15     | Reached skill level 1 in Summonings
 54212 | D:15     | Found a broken altar of Ashenzari.
 54323 | D:15     | Found a shadowy altar of Dithmenos.
 54428 | D:15     | Identified Roxanne's Incunabulum of Earth
 54428 | D:15     | Noticed Roxanne
 54441 | D:15     | Killed Roxanne
 54634 | D:15     | Found a staircase to the Depths.
 54649 | Depths:1 | Entered Level 1 of the Depths
 54845 | Depths:1 | Reached skill level 5 in Summonings
 55065 | Depths:1 | Identified the ring "Zueme" {rC+ Int+5 Dex+3 Stlth+}
 55172 | Depths:1 | Reached XP level 26. HP: 173/173 MP: 37/37
 55538 | Depths:1 | Found a one-way gate leading to the halls of Pandemonium.
 55613 | Depths:1 | Found a broken altar of Ashenzari.
 55714 | Depths:1 | Identified the amulet of Liberalism {Spirit rElec rN+ Will+
                  | Dex-3}
 55772 | Depths:1 | Noticed the Enchantress
 55810 | Depths:1 | Reached skill level 15 in Stealth
 55831 | Depths:1 | Killed the Enchantress
 55969 | Depths:1 | Found a gateway to Hell.
 56506 | Depths:2 | Identified the +6 hand axe of Diutumib {vorpal, Fly rPois
                  | Int-5 Dex+4}
 57112 | Depths:2 | Found a white marble altar of Elyvilon.
 57112 | Depths:2 | Found Upoejisk's Hallowed Reliquary.
 57161 | Depths:2 | Reached skill level 20 in Fighting
 57352 | Depths:2 | Noticed a juggernaut
 57361 | Depths:2 | Killed a juggernaut
 57997 | Depths:3 | Found an opulent altar of Gozag.
 58105 | Depths:3 | Reached skill level 10 in Dodging
 58228 | Depths:3 | Acquired a scarf of shadows
 58637 | Elf:3    | Bought a scroll of acquirement for 1144 gold pieces
 58637 | Elf:3    | Acquired 584 gold pieces
 58649 | Elf:3    | Bought an embroidered scarf for 224 gold pieces
 58651 | Elf:3    | Bought an embroidered scarf for 224 gold pieces
 58653 | Elf:3    | Bought an encrusted plate armour for 784 gold pieces
 58653 | Elf:3    | Identified the +0 plate armour of the Endless Expanse
                  | {Rampage Str-2 Int+3} (You bought it in a shop on level 3
                  | of the Elven Halls)
 59012 | Depths:3 | Found Egoomem's Book Emporium.
 59024 | Depths:3 | Found Diskig's Jewellery Boutique.
 59025 | Depths:3 | Found Rucuicut's Book Emporium.
 59031 | Depths:3 | Bought a book of Necromancy for 304 gold pieces
 59342 | Depths:3 | Reached skill level 21 in Fighting
 59657 | Depths:4 | Entered Level 4 of the Depths
 59713 | Depths:4 | Reached XP level 27. HP: 176/182 MP: 37/37
 59742 | Depths:4 | Found Yhent's General Store.
 59745 | Depths:4 | Found Ratimmih's Weapon Boutique.
 59745 | Depths:4 | Found Kuyczen's General Store.
 59748 | Depths:4 | Found Ibiziod Hoti's Magic Scroll Boutique.
 59755 | Depths:4 | Bought a scroll of blinking for 127 gold pieces
 59908 | Depths:4 | Found a gate to the Realm of Zot.
 60334 | Depths:4 | Voluntarily entered the Abyss.
 60342 | Abyss:1  | Noticed an ancient lich
 60359 | Abyss:1  | Killed an ancient lich
 60573 | Abyss:1  | Noticed an ancient lich
 60579 | Abyss:1  | Killed an ancient lich
 60587 | Abyss:1  | Identified the +1 leather armour of Ineypp {rC+ Will+
                  | Int+4}
 60627 | Abyss:1  | Reached skill level 22 in Fighting
 60634 | Abyss:1  | Noticed an ancient lich
 60647 | Abyss:1  | Killed an ancient lich
 60702 | Abyss:1  | Noticed a dread lich
 61157 | Abyss:2  | Paralysed by accursed screaming for 1 turns
 61167 | Abyss:2  | Paralysed by accursed screaming for 1 turns
 61647 | Abyss:3  | Found an opulent altar of Gozag.
 62043 | Abyss:3  | Noticed a dread lich
 62045 | Abyss:3  | Paralysed by a dread lich for 4 turns
 62053 | Abyss:3  | Paralysed by a dread lich for 2 turns
 62059 | Abyss:3  | Killed a dread lich
 62192 | Abyss:3  | Got an abyssal rune of Zot
 62237 | Depths:4 | Escaped the Abyss
 62287 | Depths:4 | Found a gateway to a ziggurat.
 62291 | Depths:4 | Paralysed by a floating eye for 3 turns
 62301 | Depths:4 | Paralysed by a floating eye for 2 turns
 62327 | Depths:4 | Gained mutation: You tend to lose your temper in combat. [a
                  | shining eye]
 62449 | Zig:1    | Entered Level 1 of a ziggurat
 62465 | Zig:2    | Entered Level 2 of a ziggurat
 62490 | Zig:2    | Identified the +2 morningstar of Defiance {vorpal, Int+3}
 62495 | Zig:3    | Entered Level 3 of a ziggurat
 62497 | Zig:3    | Noticed a royal mummy
 62520 | Zig:3    | Killed a royal mummy
 62624 | Zig:3    | Lost mutation: You tend to lose your temper in combat.
                  | [potion of mutation]
 62624 | Zig:3    | Lost mutation: You expend magic power (3 MP) to strengthen
                  | your wands. [potion of mutation]
 62624 | Zig:3    | Lost mutation: Your spells are a little harder to cast, but
                  | a little more powerful. [potion of mutation]
 62627 | Zig:4    | Entered Level 4 of a ziggurat
 62793 | Zig:5    | Entered Level 5 of a ziggurat
 62828 | Zig:5    | Got the Volume of Burning Companions
 62833 | Zig:6    | Entered Level 6 of a ziggurat
 62855 | Zig:6    | Reached skill level 23 in Fighting
 62891 | Zig:6    | Identified the +5 great sword "Puidd" {freeze, rPois Str+3}
 62896 | Zig:7    | Entered Level 7 of a ziggurat
 63109 | Zig:7    | Identified the +0 troll leather armour "Xienne" {rC+ Regen+
                  | Str+4 Int+3}
 63117 | Zig:8    | Entered Level 8 of a ziggurat
 63130 | Zig:8    | Noticed a royal mummy
 63130 | Zig:8    | Noticed a royal mummy
 63148 | Zig:8    | Killed a royal mummy
 63154 | Zig:8    | Killed a royal mummy
 63383 | Zig:9    | Entered Level 9 of a ziggurat
 63425 | Zig:9    | Found the +3 robe of Clouds {*Thunder rCloud rElec}
 63975 | Depths:4 | Found an ornate altar of the Wu Jian Council.
 64028 | Depths:4 | Noticed a juggernaut
 64045 | Depths:4 | Killed a juggernaut
 64441 | Vaults:5 | Entered Level 5 of the Vaults
 64652 | Vaults:5 | Cast into level 3 of the Abyss (a deep elf sorcerer)
 64679 | Vaults:5 | Escaped the Abyss
 65228 | Vaults:5 | Identified the +2 buckler of Dyspraxia {Dex+2}
 65367 | Vaults:5 | Identified the +11 glaive of Lunkentaneg {pain, Str+5
                  | Int-5}
 65437 | Vaults:5 | Reached skill level 5 in Spellcasting
 65512 | Vaults:5 | Identified the ring "Qobuenas" {rPois EV+4 Int-2 Stlth+}
 66039 | Vaults:5 | Got a silver rune of Zot
 66061 | Vaults:5 | Identified the +0 leather armour of Hegal {rElec rCorr
                  | MP+9}
 66109 | Vaults:5 | Identified the +4 fustibalus of the Real Monster {venom,
                  | rCorr Dex+4}
 66198 | Vaults:5 | Identified the +4 chain mail "Bacsiegock" {Will+ Str+3}
 66604 | Vaults:5 | Identified the +0 scale mail "Fiem" {rF+}
 66626 | Vaults:5 | Lost mutation: Potions cannot restore your health. [potion
                  | of mutation]
 66626 | Vaults:5 | Lost mutation: You are weak. (Str -2) [potion of mutation]
 66626 | Vaults:5 | Gained mutation: You have hidden genetic potential. [potion
                  | of mutation]
 66626 | Vaults:5 | Gained mutation: Your mind is acute. (Int +2) [potion of
                  | mutation]
 66626 | Vaults:5 | Gained mutation: You sometimes lose the ability to read
                  | scrolls when taking damage. [potion of mutation]
 66626 | Vaults:5 | Gained mutation: You have a somewhat thin skeletal
                  | structure. (Dex +2, Stealth+) [potion of mutation]
 67370 | Crypt:1  | Entered Level 1 of the Crypt
 67380 | Crypt:1  | Reached skill level 10 in Summonings
 67568 | Crypt:1  | Identified the +4 scale mail of Inviolability {rC+ SInv}
 67926 | Crypt:1  | Acquired 862 gold pieces
 68932 | Crypt:3  | Entered Level 3 of the Crypt
 69253 | Crypt:3  | Found a staircase to the Tomb.
 69404 | Crypt:3  | Found an ancient bone altar of Kikubaaqudgha.
 69593 | Crypt:3  | Noticed a dread lich
 69603 | Crypt:3  | Identified the ring "Looguf" {Int+6 Dex+7 Slay-5 SInv}
 69605 | Crypt:3  | Killed a dread lich
 69616 | Crypt:3  | Got Huer's Reference Book on Poisonous Companions
 69633 | Crypt:3  | Learned a level 8 spell: Lehudib's Crystal Spear
 70163 | Crypt:3  | Reached skill level 15 in Summonings
 70408 | Tomb:1   | Entered Level 1 of the Tomb of the Ancients
 70899 | Tomb:1   | Noticed a royal mummy
 70910 | Tomb:1   | Killed a royal mummy
 70914 | Tomb:1   | Noticed a royal mummy
 70925 | Tomb:1   | Killed a royal mummy
 70930 | Tomb:1   | Noticed a royal mummy
 70939 | Tomb:1   | Killed a royal mummy
 71048 | Tomb:1   | Gained mutation: You expend magic power (3 MP) to
                  | strengthen your wands. [hidden potential]
 72018 | Hell     | Entered the Vestibule of Hell
 72018 | Hell     | Noticed Geryon
 72180 | Hell     | Killed Geryon
 72355 | Hell     | Found a gateway to the Iron City of Dis.
 72425 | Hell     | Found a gateway to the ashen valley of Gehenna.
 72610 | Hell     | Found a gateway to the freezing wastes of Cocytus.
 72622 | Hell     | Reached skill level 15 in Conjurations
 72746 | Hell     | Found a gateway to the decaying netherworld of Tartarus.
 72860 | Zot:1    | Entered Level 1 of the Realm of Zot
 74152 | Zot:2    | Lost mutation: You sometimes lose the ability to read
                  | scrolls when taking damage. [potion of mutation]
 74152 | Zot:2    | Lost mutation: You expend magic power (3 MP) to strengthen
                  | your wands. [potion of mutation]
 74152 | Zot:2    | Gained mutation: You expend magic power (3 MP) to
                  | strengthen your wands. [potion of mutation]
 74886 | Zot:3    | Gained mutation: Your muscles are strong. (Str +2) [hidden
                  | potential]
 74886 | Zot:3    | Lost mutation: You have hidden genetic potential. [hidden
                  | potential expressed]
 75236 | Zot:3    | Found a shimmering altar of Xom.
 75866 | Zot:4    | Learned a level 6 spell: Death Channel
 75914 | Zot:4    | Reached skill level 1 in Necromancy
 76074 | Zot:4    | Noticed an orb of fire
 76081 | Zot:5    | Entered Level 5 of the Realm of Zot
 76087 | Zot:5    | Killed an orb of fire
 76191 | Zot:4    | Reached skill level 5 in Necromancy
 77337 | Pan      | Entered Pandemonium
 77341 | Pan      | Noticed Xerin the pandemonium lord
 77341 | Pan      | Killed Xerin the pandemonium lord
 77398 | Pan      | Gained mutation: Armour fits poorly on your strangely
                  | shaped body. [a neqoxec]
 77416 | Pan      | Reached skill level 10 in Necromancy
 78559 | Pan      | Identified the ring of Joywko Wavo {rN+ rCorr}
 78597 | Pan      | Entered the realm of Mnoleg.
 78725 | Pan      | Found an exit through the horrors of the Abyss.
 78913 | Pan      | Noticed Mnoleg
 78917 | Pan      | Gained mutation: You sometimes lose the ability to read
                  | scrolls when taking damage. [Mnoleg's mutagenic touch]
 78931 | Pan      | Killed Mnoleg
 78951 | Pan      | Got a glowing rune of Zot
 79044 | Pan      | Gained mutation: You are occasionally teleported next to
                  | monsters. [a neqoxec]
 79127 | Pan      | Gained mutation: You tend to lose your temper in combat. [a
                  | neqoxec]
 79337 | Pan      | Gained mutation: You are agile. (Dex +2) [a neqoxec]
 79344 | Pan      | Gained mutation: You are sometimes teleported next to
                  | monsters. [a cacodemon]
 79459 | Pan      | Gained mutation: You do not regenerate when monsters are
                  | visible. [a cacodemon]
 79989 | Pan      | Gained mutation: Your spells are a little easier to cast,
                  | but a little less powerful. [a cacodemon]
 80354 | Depths:4 | Escaped Pandemonium
 80998 | Slime:1  | Entered Level 1 of the Pits of Slime
 81380 | Depths:3 | Bought a book of Changes for 288 gold pieces
 81380 | Depths:3 | Bought a Necronomicon for 896 gold pieces
 81380 | Depths:3 | Bought a Fen Folio for 672 gold pieces
 81388 | Depths:3 | Learned a level 5 spell: Borgnjor's Vile Clutch
 81735 | Lair:2   | Killed Pioh's ghost
 82021 | Slime:1  | Gained mutation: You are frail. (-10% HP) [a shining eye]
 82063 | Slime:1  | Reached skill level 15 in Necromancy
 82349 | Slime:5  | Entered Level 5 of the Pits of Slime
 83432 | Slime:5  | Lost mutation: Your mind is acute. (Int +2) [a shining eye]
 84088 | Vaults:3 | Bought the amulet of the Four Winds {rN+ Will+++ Clar} for
                  | 570 gold pieces
 84088 | Vaults:3 | Found the amulet of the Four Winds {rN+ Will+++ Clar}
 84579 | Slime:5  | Found a viscous altar of Jiyva.
 84580 | Slime:5  | Noticed the Royal Jelly
 84617 | Slime:5  | Killed the Royal Jelly
 84633 | Slime:5  | Found the +5 robe of Night {Dark Will+ SInv}
 84640 | Slime:5  | Identified the ring of Fesk {rF+ Str+5 Int+3}
 84655 | Slime:5  | Got a slimy rune of Zot
 84677 | Slime:5  | Identified the ring of Temptation {Fly rF+ Str+4}
 84733 | Slime:5  | Identified the +2 ring mail of the Clam {rC+}
 85367 | Zot:5    | Noticed a dread lich
 85369 | Zot:5    | Noticed an orb of fire
 85374 | Zot:5    | Killed a dread lich
 85374 | Zot:5    | Gained mutation: Your muscles are very strong. (Str +4) [an
                  | orb of fire]
 85403 | Zot:5    | Lost mutation: You are frail. (-10% HP) [mutagenic glow]
 85408 | Zot:5    | Noticed an orb of fire
 85410 | Zot:5    | HP: 5/188 [golden dragon/bolt of cold (10)]
 85416 | Zot:5    | HP: 2/282 [constriction (6)]
 85416 | Zot:5    | Gained mutation: Your spells are easier to cast, but less
                  | powerful. [mutagenic glow]
 85418 | Zot:5    | Demolished by an Orb Guardian

Illustrated notes

Levels and vault maps discovered:
D:1:      lemuel_arrival_broad_hall, layout_loops_ring, minivault_5
D:2:      layout_rooms, hellmonk_ecumenical_altar_crossroads, patterned_corridor
D:3:      layout_loops_corners, serial_shops, shop, serial_glass,
          glass_columns_a, glass_columns_a,
          nicolae_concentric_dashed_squares_mild, chequers_jeans
D:4:      layout_basic, mainiacjoe_overflow_alcove_3, grunt_ministairs_1
D:5:      layout_cave_pods, mainiacjoe_overflow_brackets
D:6:      layout_basic, kennysheep_vampire_church,
          chequers_serial_rivers_micro_a, hangedman_decor_opposing,
          minmay_alternating_orb, uniq_sigmund, uniq_pikel
D:7:      layout_loops_ring, jmf_multi_god_temple,
          minmay_temple_entry_sparse_star, amethyst_killhole, uniq_duvessa,
          uniq_menkaure, uniq_maggie
D:8:      layout_cave_pools, erik_lair_dragon, enter_bailey_5, serial_shops,
          nicolae_shop_stone, kennysheep_donut, serial_bayou_lagoon_b
D:9:      layout_basic
D:10:     layout_rooms, david_orc_4, uniq_gastronok
D:11:     wander_river, layout_rooms, minmay_librarian, uniq_psyche, uniq_urug,
          uniq_fannar
D:12:     layout_gridville, serial_shops, kennysheep_mini_moat, shop_statue,
          nicolae_shop_crystal, shop, uniq_erolcha
D:13:     layout_roguey, maelrawn_ghost_gauntlet_escape, nicolae_specific_store,
          nicolae_uskayaw_suspiria
D:14:     layout_loops_ring, erik_vaults_2
D:15:     gammafunk_enter_depths_forms, layout_irregular_city,
          grunt_dithmenos_smoke_and_mirrors, skrybe_limestone_x,
          ashenzari_altar_1, uniq_agnes, uniq_roxanne
Lair:1:   layout_concentric_octagons
Lair:2:   dpeg_oklob_gauntlet, layout_long_grid, skrybe_swamp_entry_bodies,
          nicolae_volcano_entry_batcave, gammafunk_ghost_abyssal_escape,
          nicolae_lair_lil_pond, nicolae_lair_grove_arrangements,
          beast_lair_carwin_10, lemuel_fruit_fields
Lair:3:   layout_regular_city, dummy_spider_entry, lemuel_fruit_tree
Lair:4:   layout_regular_city, uniq_snorg
Lair:5:   layout_roguey, dpeg_slime_entry_corner, basic_altar, st_stairs_5,
          serial_bayou_crossing
Lair:6:   minmay_lair_end_enchanted_forest, layout_concentric_octagons,
          minmay_lair_oklob_items, infiniplex_staircase_pool
Swamp:1:  layout_basic_swamp, serial_swamp_ruin, evilmike_swamp_ruin_rubble_2,
          evilmike_swamp_ruin_house_2
Swamp:2:  nicolae_swamp_wrong_neighborhood, layout_basic_swamp,
          hangedman_swamp_ruin_wall, uniq_frances
Swamp:3:  layout_basic_swamp, evilmike_swamp_ruin_house_3, swamp_pool1
Swamp:4:  byrel_swamp_growth_death_and_undeath, layout_basic_swamp, swamp_pool4
Spider:1: layout_chambers, drop_trap, uniq_mlioglotl
Spider:2: layout_spider_delve, portal_ice_cave_entry_pillars_three
Spider:3: layout_spider_delve, hangedman_spider_tarantella_strand
Spider:4: spider_rune_water, uniq_arachne
Slime:1:  layout_caves, cheibrodos_slime_lost_civilization_7
Slime:2:  layout_caves
Slime:3:  layout_caves
Slime:4:  layout_caves, nicolae_slime_phagocytosis
Slime:5
Orc:1:    layout_diamond_mine
Orc:2:    st_orc_congregation, layout_caves, gammafunk_ghost_berserking_beasts,
          nicolae_shop_firing_range
Elf:1:    layout_gridlike, serial_shops, nicolae_lakefront_shop,
          hangedman_corner_corridor, solitary_fountain, nicolae_shop_self_help
Elf:2:    nicolae_elf_blades_crystal_corner, layout_gridlike, basic_altar,
          serial_glass, glass_columns_a, glass_columns_a
Elf:3:    grunt_elf_hall_branching, layout_loops_corners, serial_shops, shop,
          shop, nicolae_shop_behind_doors, minmay_shop_star, uniq_bai_suzhen
Vaults:1: v_misc_2, st_spiral_rooms, hangedman_vaults_variations,
          nicolae_vaults_circle_grid_a, hangedman_vaults_hat, vaults_room_pool,
          serial_ice_g, ontoclasm_vaults_ligature, layout_vaults_omnigrid
Vaults:2: ontoclasm_vaults_fault, st_greater_box_2, v_misc_29,
          grunt_vaults_focal, nicolae_vaults_network_barrier,
          grunt_vaults_bifocal, v_misc_24, nicolae_vaults_shelves_hall,
          grunt_vaults_trifunnel, nicolae_vaults_what_the_h,
          ontoclasm_vaults_loading_screen, layout_vaults_maze_bifur, uniq_xtahua
Vaults:3: minmay_crypt_entry_necro_gods, ontoclasm_vaults_shout,
          nicolae_vaults_little_ls, v_pattern_5, grunt_vaults_swirl,
          ontoclasm_vaults_tryst, vaults_room_stairs_pillars,
          nicolae_vaults_bisected_inception, v_misc_3, vaults_dpeg_diagonal,
          nicolae_vaults_asterisk, vaults_room_corners, layout_vaults_ring,
          serial_shops, shop_statue
Vaults:4: v_alt_pattern_6, grunt_vaults_diagonal, nicolae_vaults_shelves_hall,
          nicolae_vaults_windows_and_doors_thing, vaults_standard_mumra_x,
          nicolae_vaults_back_hallway, dpeg_vaults_monster_box,
          layout_vaults_chaotic_city
Vaults:5
Crypt:1:  layout_gridlike, uniq_margery
Crypt:2:  layout_misc_corridors, grunt_ministairs_8, grunt_megastairs_3
Crypt:3:  evilmike_haunted_forest
Tomb:1
Depths:1: layout_gridlike, hangedman_coc_ice_floe, rand_demon_pan_entry_1,
          lemuel_crystal_altar, minmay_the_grid_2x2 [minmay_the_grid_dragon_a,
          minmay_the_grid_armoury, minmay_the_grid_airy,
          minmay_the_grid_prize_trominoes], grunt_megastairs_2, uniq_enchantress
Depths:2: nzn_winding_woodlands_stair_cross [nzn_winding_woodlands_5x15_garden,
          nzn_winding_woodlands_center_pierced_h,
          nzn_winding_woodlands_5x15_zeroes, nzn_winding_woodlands_hourglass,
          nzn_winding_woodlands_5x5_three,
          nzn_winding_woodlands_5x15_lazy_stream,
          nzn_winding_woodlands_center_diamonds,
          nzn_winding_woodlands_5x15_sawtooth], layout_honeycomb,
          kennysheep_nondescript, rand_demon_pan_entry_7,
          pf_dread_powers_of_hell, minmay_variable_closet, nicolae_good_shop
Depths:3: kennysheep_blocky_hall, layout_basic, hell_entry,
          rand_demon_pan_entry_8, abyss_entry_glasseish,
          nicolae_gozag_cash_rules_everything_around_me, minmay_shop_grove
Depths:4: grunt_zot_entry_tricorne, layout_honeycomb, enter_ziggurat_d,
          abyss_entry, nzn_wu_jian_contemplation, pan_entry,
          pf_hell_entry_tar_river, minmay_shoptagon, serial_bayou_shore_b
Hell
Zot:1:    layout_gridlike, grunt_megastairs_1
Zot:2:    layout_misc_corridors
Zot:3:    hangedman_orp_of_zott, layout_onion
Zot:4:    grunt_zot_stairs_mandelzot, layout_gridville, zot_minivault_1
Zot:5:    layout_gridlike, basic_altar, skrybe_zot_glass_2

Skill      XL: |  1  2  3  4  5  6  7  8  9 10 11 12 13 14 15 16 17 18 19 20 21 22 23 24 25 26 27 |
---------------+----------------------------------------------------------------------------------+-----
Fighting       | 4 5 6 7 11 12 13 14 15 16 17 18 19 21 23 | 23.6
Maces & Flails | 3 4 5 6 8 9 10 11 12 13 14 15 16 | 16.9
Armour         | 4 5 6 11 12 13 14 15 16 17 | 17.1
Dodging        | 1 2 3 4 5 6 7 8 10 13 | 13.9
Shields        | 4 5 6 7 8 9 10 11 12 13 | 13.6
Invocations    | 2 6 7 8 10 11 12 13 14 16 17 18 19 20 | 20.8
Translocations | 3 8 9 11 12 | 12.1
Stealth        | 3 4 7 10 14 16 19 | 19.2
Evocations     | 2 5 6 7 |  7.8
Conjurations   | 4 7 10 12 19 | 19.1
Fire Magic     | 3 7 |  7.8
Poison Magic   | 9 11 12 | 12.1
Spellcasting   | 3 6 |  6.3
Earth Magic    | 2 13 15 18 | 18.1
Summonings     | 5 8 16 | 16.6
Necromancy     | 17 | 17.1

Action                   |  1- 3 |  4- 6 |  7- 9 | 10-12 | 13-15 | 16-18 | 19-21 | 22-24 | 25-27 || total
-------------------------+-------+-------+-------+-------+-------+-------+-------+-------+-------++-------
Melee: Flail             |    80 |   135 |   143 |   595 |   747 |       |       |       |       ||  1700
       Eveningstar       |       |       |       |       |   471 |  1472 |  1961 |  1558 |  2313 ||  7775
       Sacred scourge    |       |       |       |       |       |       |       |       |  2640 ||  2640
Throw: Dart              |       |       |       |     4 |     5 |     6 |     2 |     8 |     8 ||    33
 Cast: Lesser Beckoning  |       |       |       |       |     3 |    19 |    47 |    41 |    73 ||   183
       Apportation       |       |       |       |       |       |     4 |     3 |     4 |    17 ||    28
       Conjure Flame     |       |       |       |       |       |     2 |       |     2 |       ||     4
       Poisonous Vapours |       |       |       |       |       |       |     1 |     2 |       ||     3
       Passwall          |       |       |       |       |       |       |       |       |    20 ||    20
       Iron Shot         |       |       |       |       |       |       |       |       |     4 ||     4
       Spellforged Servi |       |       |       |       |       |       |       |       |    50 ||    50
       Death Channel     |       |       |       |       |       |       |       |       |     1 ||     1
Invok: Slouch            |       |       |       |       |     2 |    25 |    18 |    14 |    27 ||    86
       Temporal Distorti |       |       |       |       |     1 |       |       |       |       ||     1
       Bend Time         |       |       |       |       |       |     2 |     1 |     1 |     1 ||     5
       Step From Time    |       |       |       |       |       |     1 |     3 |     4 |    10 ||    18
Evoke: Wand              |       |       |       |     9 |     8 |    27 |    19 |     9 |    22 ||    94
       Condenser vane    |       |       |       |       |       |       |     1 |     1 |     6 ||     8
  Use: Scroll            |     5 |    12 |     5 |     5 |     7 |    20 |    11 |    13 |    49 ||   127
       Potion            |       |       |     1 |     4 |       |     4 |    12 |     7 |    32 ||    60
 Stab: Confused          |       |       |       |     1 |       |     1 |       |     1 |       ||     3
       Sleeping          |       |       |       |       |     1 |       |       |    11 |   145 ||   157
       Distracted        |       |       |       |       |       |     2 |     7 |     1 |    59 ||    69
       Paralysed         |       |       |       |       |       |     3 |       |     1 |       ||     4
       Petrifying        |       |       |       |       |       |       |       |       |     1 ||     1
Armor: Scale mail        |    27 |       |       |       |       |       |       |       |       ||    27
       Crystal plate arm |    40 |   108 |   139 |   386 |       |       |       |       |       ||   673
       Chain mail        |       |       |       |   121 |   524 |  1182 |   905 |   653 |   265 ||  3650
       Fire dragon scale |       |       |       |       |       |       |       |       |  1778 ||  1778
       Acid dragon scale |       |       |       |       |       |       |       |       |   122 ||   122
Dodge: Dodged            |    17 |     7 |    11 |   353 |   804 |  1329 |  1356 |  1076 |  3860 ||  8813
Block: Buckler           |    17 |    32 |       |       |       |       |       |   494 |  2970 ||  3513
       Tower shield      |       |    41 |    19 |       |       |       |       |       |       ||    60
       Kite shield       |       |       |    48 |   598 |   996 |  1605 |  1729 |   509 |       ||  5485
       Reflection        |       |       |       |       |       |       |    43 |    42 |   219 ||   304

Table legend: (Time is in decaauts)
 A = Elapsed time spent in this place.
 B = Non-inter-level travel time spent in this place.
 C = Inter-level travel time spent in this place.
 D = Time resting spent in this place.
 E = Time spent auto-exploring this place.
 F = Levels seen in this place.
 G = Mean time per level.
                   A        B        C        D        E       F      G
               +--------+--------+--------+--------+--------+-----+--------+
         Total | 127242 | 111662 |  15580 |  12338 |  67465 |  82 | 1551.7 |
       Dungeon |  25666 |  20176 |   5490 |   2586 |  13759 |  15 | 1711.1 |
          Lair |  13319 |  10757 |   2562 |    549 |   7984 |   6 | 2219.8 |
         Swamp |   5385 |   5019 |    366 |    348 |   3341 |   4 | 1346.2 |
   Spider Nest |   6489 |   6116 |    373 |    289 |   4354 |   4 | 1622.2 |
    Slime Pits |   3505 |   3152 |    353 |    298 |   1543 |   5 |  701.0 |
  Orcish Mines |   4169 |   3338 |    831 |    230 |   2497 |   2 | 2084.5 |
   Elven Halls |   9364 |   7654 |   1710 |   1464 |   4168 |   3 | 3121.3 |
        Vaults |  13385 |  12306 |   1079 |   1074 |   8119 |   5 | 2677.0 |
         Crypt |   5265 |   4816 |    449 |      0 |   3652 |   3 | 1755.0 |
          Tomb |   2196 |   2196 |      0 |    183 |    377 |   1 | 2196.0 |
        Depths |  10994 |   9473 |   1521 |   1026 |   6240 |   4 | 2748.5 |
          Hell |    811 |    780 |     31 |      0 |    485 |   1 |  811.0 |
           Zot |   7306 |   6499 |    807 |    332 |   4318 |   5 | 1461.2 |
         Abyss |   9879 |   9879 |      0 |   1369 |   3502 |   8 | 1234.9 |
   Pandemonium |   4796 |   4796 |      0 |    249 |   2538 |   4 | 1199.0 |
      Ziggurat |   1107 |   1107 |      0 |    555 |     25 |   9 |  123.0 |
        Bailey |    985 |    985 |      0 |    563 |      0 |   1 |  985.0 |
      Ice Cave |   1640 |   1640 |      0 |   1065 |    209 |   1 | 1640.0 |
       Volcano |    970 |    970 |      0 |    154 |    351 |   1 |  970.0 |
               +--------+--------+--------+--------+--------+-----+--------+

Top non-repeatable levels by time:
 Abyss:4: 4957 daAuts
   Elf:3: 3904 daAuts
Depths:1: 3202 daAuts
Vaults:4: 3065 daAuts
 Abyss:3: 3039 daAuts
   Elf:2: 3017 daAuts
Depths:4: 2945 daAuts
Vaults:2: 2888 daAuts
  Lair:2: 2842 daAuts
   Orc:2: 2841 daAuts
     D:8: 2805 daAuts
Spider:1: 2802 daAuts
  Lair:1: 2784 daAuts
Depths:2: 2588 daAuts
Vaults:3: 2515 daAuts
